 Dungeon Crawl Stone Soup version 0.24-a0-613-g1ff6aac338 (webtiles) character file.

Game seed: 1900179594173652483, levelgen mode: deterministic

2482 Jorund the Ruffian (level 9, 0/69 HPs)
             Began as a Demonspawn Gladiator on Sept 12, 2019.
             Was an Elder of Cheibriados.
             Killed by divine providence
             ... invoked by an orc priest
              (15 damage)
             ... on level 7 of the Dungeon.
             The game lasted 00:11:42 (5182 turns).

Jorund the Ruffian (Demonspawn Gladiator)           Turns: 5182, Time: 00:11:43

Health: 0/69       AC:  5    Str: 25    XL:     9   Next: 27%
Magic:  10/10      EV: 13    Int: 20    God:    Cheibriados [****..]
Gold:   397        SH:  0    Dex: 24    Spells: 8/8 levels left

rFire    . . .     SeeInvis .     - Unarmed
rCold    . . .     Gourm    .   (no shield)
rNeg     . . .     Faith    +   b - +0 leather armour
rPois    .         Spirit   .   (helmet restricted)
rElec    .         Reflect  .   q - +0 cloak
rCorr    .         Harm     .   (no gloves)
MR       .....                  (no boots)
Stlth    ++........             o - amulet of faith
HPRegen  0.21/turn              (no ring)
MPRegen  0.12/turn              (no ring)

@: very slow
A: claws 1, hooves 1, horns 1, powered by death 1, rot immunity
a: Bend Time, Temporal Distortion, Slouch, Renounce Religion


You were on level 7 of the Dungeon.
You worshipped Cheibriados.
Cheibriados was greatly pleased with you.
You were hungry.

You visited 1 branch of the dungeon, and saw 7 of its levels.

You collected 397 gold pieces.

Inventory:

Hand Weapons
 a - a +1 war axe
 k - a +0 hand crossbow
Missiles
 v - 10 poisoned darts (quivered)
Armour
 b - a +0 leather armour (worn)
 q - a +0 cloak (worn)
Magical Staves
 d - an uncursed staff of energy {unknown}
Jewellery
 o - an amulet of faith (around neck)
 p - an uncursed amulet of the gourmand
 s - an uncursed amulet of harm
 t - an uncursed amulet of the acrobat {unknown}
Scrolls
 j - 2 scrolls of remove curse
 n - a scroll of enchant weapon
Potions
 e - 3 potions of curing
 g - 2 potions of invisibility
 h - a potion of lignification
 l - a potion of brilliance
 m - a potion of cancellation
 r - 3 potions of flight {unknown}
 u - 2 potions of resistance {unknown}
Comestibles
 f - 13 rations


   Skills:
 - Level 6.0 Fighting
 - Level 3.2 Axes
 - Level 1.8 Throwing
 - Level 6.5 Armour
 - Level 2.6 Dodging
 * Level 7.0 Unarmed Combat
 + Level 2.2 Evocations


You had 8 spell levels left.
You didn't know any spells.
Your spell library contained the following spells:

 Spells                   Type           Power        Failure   Level  Hunger
 Beastly Appendage        Tmut           #.....       22%         1    ##.....
 Sticks to Snakes         Tmut           #.......     32%         2    ###....
 Spider Form              Tmut/Pois      #.........   54%         3    ####...
 Ice Form                 Ice/Tmut       #.......     91%         4    #####..
 Blade Hands              Tmut           #.........   99%         5    ######.


Dungeon Overview and Level Annotations

Branches:
Dungeon (7/15)             Temple (0/1) D:5

Altars:
Cheibriados
Hepliaklqana
Kikubaaqudgha
Ru
Uskayaw
Vehumet
Zin

Shops:
D:5 :   D:6 ((


Innate Abilities, Weirdness & Mutations

You have sharp fingernails.
You have large cloven feet.
You have a pair of small horns on your head.
You regenerate a little health from kills.
You are immune to rotting.


Message History

You feel better.
The orc warrior hits you with a +0 short sword!
* * * LOW HITPOINT WARNING * * *
Okay, then.
Evoke which item? (* to show all) (? for menu, Esc to quit)
Aiming: Scattershot
Press: ? - help, Shift-Dir - straight line, f - orc warrior
Aim: an orc warrior, wielding a +0 short sword and wearing a +0 chain mail The burst of metal fragments hits the orc warrior.
The burst of metal fragments hits the orc warrior but does no damage. x2
The burst of metal fragments hits the orc warrior.
The burst of metal fragments hits the orc.
The burst of metal fragments hits the orc warrior.
The burst of metal fragments hits the orc warrior but does no damage.
The orc warrior is moderately wounded.
The orc is heavily wounded.
The now-empty wand crumbles to dust.
The orc priest mumbles some strange prayers to Beogh against you.
Beogh smites you!
You die...

#...$.....#
#......#.# ###
##.[.o..#.# ##.##
#...#.###.#####...##
.#...)..).....(...#
#...#..#...####o..##
.......#.....o.oo##
#.###.#...#####o# #
#.#########@#### #.
#.......# ..
#.##.##.# ##
#.##.##.# #....##.#
###.#.##.#
#(._..##.#
#.#.#....#
.....#.####


You could see an orc warrior, an orc priest and 2 orcs.

Vanquished Creatures
  Pikel (D:5)
  Grinder (D:4)
  Sigmund (D:4)
  Edmund (D:4)
  Duvessa (D:5)
  An ice beast (D:6)
  2 slaves (D:4)
  A centaur (D:5)
  A bullfrog (D:6)
  2 scorpions
  Dowan (D:5)
  A howler monkey (D:5)
  A crimson imp (D:5)
  A centaur zombie (D:5)
  2 centaur skeletons
  4 orc priests
  2 hounds (D:4)
  2 orc wizards (D:4)
  2 bullfrog skeletons
  6 worker ants
  A hound skeleton (D:2)
  A howler monkey skeleton (D:4)
  7 gnolls
  10 adders
  An adder skeleton (D:4)
  An adder zombie (D:5)
  2 worms
  3 dart slugs
  2 leopard geckos (D:4)
  10 orcs
  A ball python (D:5)
  4 bats
  3 bat skeletons (D:2)
  2 bat zombies (D:2)
  4 giant cockroaches
  5 goblins
  7 hobgoblins
  9 kobolds
  2 quokkas
  3 frilled lizards
  A giant cockroach zombie (D:2)
  A jackal zombie (D:2)
  A quokka skeleton (D:2)
  A quokka zombie (D:2)
  7 rats
123 creatures vanquished.

Vanquished Creatures (others)
  A slave (D:5)
  A centaur (D:5)
  An orc wizard (D:5)
  5 toadstools (D:6)
8 creatures vanquished.

Grand Total: 131 creatures vanquished

Notes
Turn   | Place    | Note
-------+----------+-------------------------------------------
     0 | D:1      | Jorund the Demonspawn Gladiator began the quest for the
                  | Orb.
     0 | D:1      | Reached XP level 1. HP: 16/16 MP: 1/1
   229 | D:1      | Gained mutation: You have large cloven feet. [demonic
                  | ancestry]
   229 | D:1      | Reached XP level 2. HP: 22/22 MP: 2/2
  1067 | D:2      | Reached skill level 1 in Unarmed Combat
  1067 | D:2      | Reached XP level 3. HP: 14/28 MP: 3/3
  1374 | D:2      | Reached skill level 1 in Armour
  1489 | D:2      | Gained mutation: You have sharp fingernails. [demonic
                  | ancestry]
  1489 | D:2      | Reached XP level 4. HP: 32/34 MP: 4/4
  1684 | D:2      | Reached skill level 2 in Unarmed Combat
  1801 | D:2      | Found a faded altar of an unknown god.
  1810 | D:2      | Became a worshipper of Cheibriados the Contemplative
  1810 | D:2      | Reached * piety under Cheibriados
  2196 | D:2      | Gained mutation: You are immune to rotting. [demonic
                  | ancestry]
  2196 | D:2      | Reached XP level 5. HP: 26/41 MP: 5/5
  2434 | D:3      | Reached ** piety under Cheibriados
  2795 | D:3      | Found a glowing silver altar of Zin.
  2795 | D:3      | Found a hazy altar of Hepliaklqana.
  2799 | D:3      | Found a sacrificial altar of Ru.
  2802 | D:3      | Found a radiant altar of Vehumet.
  2836 | D:3      | Reached XP level 6. HP: 30/48 MP: 6/6
  3217 | D:4      | Noticed Grinder
  3227 | D:4      | Killed Grinder
  3227 | D:4      | Reached skill level 3 in Unarmed Combat
  3227 | D:4      | Gained mutation: You regenerate a little health from kills.
                  | [demonic ancestry]
  3227 | D:4      | Reached XP level 7. HP: 23/55 MP: 7/7
  3415 | D:4      | Noticed Edmund
  3434 | D:4      | Killed Edmund
  3434 | D:4      | Reached skill level 5 in Fighting
  3445 | D:4      | Found a hide-covered altar of Uskayaw.
  3494 | D:4      | Reached *** piety under Cheibriados
  3520 | D:4      | Noticed Sigmund
  3527 | D:4      | Killed Sigmund
  3704 | D:5      | Entered Level 5 of the Dungeon
  3705 | D:5      | Noticed Pikel
  3753 | D:5      | Reached XP level 8. HP: 39/64 MP: 8/8
  3892 | D:5      | Found a staircase to the Ecumenical Temple.
  3902 | D:5      | Reached skill level 4 in Unarmed Combat
  3920 | D:5      | Killed Pikel
  3920 | D:5      | Reached skill level 5 in Armour
  3920 | D:5      | Reached skill level 1 in Evocations
  3921 | D:5      | Reached skill level 5 in Unarmed Combat
  3922 | D:5      | Noticed Duvessa
  3927 | D:5      | Noticed Dowan
  3938 | D:5      | Killed Dowan
  3939 | D:5      | Killed Duvessa
  4023 | D:5      | Reached **** piety under Cheibriados
  4059 | D:5      | Found Vuethry's Book Emporium.
  4404 | D:6      | Found Wyutz's Antique Weapon Shop.
  4428 | D:6      | Gained mutation: You have a pair of small horns on your
                  | head. [demonic ancestry]
  4428 | D:6      | Reached XP level 9. HP: 51/69 MP: 10/10
  4728 | D:6      | Reached skill level 6 in Unarmed Combat
  5053 | D:6      | Found Jyg Car's Antique Weapon Shop.
  5130 | D:7      | Found an ancient bone altar of Kikubaaqudgha.
  5170 | D:7      | Reached skill level 7 in Unarmed Combat
  5182 | D:7      | Killed from afar by an orc priest

Levels and vault maps discovered:
D:1:      minmay_arrival_plants_in_alcoves, layout_basic, serial_forest,
          infiniplex_forest_corner_1, infiniplex_forest_clump_double,
          infiniplex_forest_lined_4_way, infiniplex_forest_join,
          infiniplex_forest_clump_tiny, infiniplex_forest_straight_1,
          infiniplex_forest_lined_2, infiniplex_forest_end_2,
          infiniplex_forest_clump_double, hangedman_decor_clover_reticule,
          minmay_crystal_room, hangedman_decor_riveting, minmay_misc_feat_cross,
          minivault_19
D:2:      layout_loops_ring, chequers_ecumenical_altar_lobes, serial_undead,
          serial_undead_a, serial_undead_a, serial_undead_e, serial_undead_f,
          serial_undead_d, serial_undead_e, serial_undead_f, serial_undead_c
D:3:      layout_basic, grunt_temple_overflow_cloverleaf
D:4:      layout_basic, eat_drink_and_be_merry_uskayaw, first_ration,
          uniq_edmund, uniq_grinder, uniq_sigmund
D:5:      layout_rooms, minmay_temple_entry_mini_moons, serial_shops,
          kennysheep_mini_moat, uniq_pikel, uniq_duvessa
D:6:      layout_gridville, serial_shops, kennysheep_little_box, shop,
          minmay_gold_behind_fungi
D:7:      layout_loops_ring, lemuel_crystal_altar, hangedman_minor_gate_pass

Skill      XL: |  1  2  3  4  5  6  7  8  9 |
---------------+----------------------------+-----
Axes           | 3 |  3.2
Unarmed Combat | 1 2 3 5 7 |  7.0
Armour         | 1 2 3 4 6 |  6.5
Fighting       | 3 4 6 |  6.0
Evocations     | 1 2 |  2.2
Throwing       | |  1.8
Dodging        | |  2.6

Action                   |  1- 3 |  4- 6 |  7- 9 || total
-------------------------+-------+-------+-------++-------
Melee: War axe           |    87 |   124 |   123 ||   334
       Kick              |    19 |    34 |    69 ||   122
       Punch             |       |     1 |     5 ||     6
       Unarmed           |       |       |    17 ||    17
       Headbutt          |       |       |     3 ||     3
Throw: Throwing net      |       |       |     4 ||     4
Evoke: Wand              |       |     2 |     3 ||     5
  Use: Scroll            |       |     7 |     5 ||    12
       Potion            |       |     2 |     3 ||     5
 Stab: Sleeping          |       |     1 |     1 ||     2
       Held in net/web   |       |       |     2 ||     2
  Eat: Chunk             |     1 |     4 |     3 ||     8
Armor: Leather armour    |    23 |    37 |    49 ||   109
Dodge: Dodged            |    86 |   124 |   134 ||   344

Table legend:
 A = Non-vault XP
 B = Vault XP
 C = Vault XP percentage of total XP
 D = Non-vault monster count
 E = Vault monster count
 F = Vault count percentage of total count
                 A         B        C        D         E       F
            +---------+---------+-------+---------+---------+-------
      Total |    2012 |    1535 |  43.3 |     106 |      16 |  13.1
            +---------+---------+-------+---------+---------+-------
        D:1 |      29 |       0 |   0.0 |      14 |       0 |   0.0
        D:2 |     146 |      32 |  18.0 |      25 |      10 |  28.6
        D:3 |     188 |       0 |   0.0 |      23 |       0 |   0.0
        D:4 |     341 |     660 |  65.9 |      20 |       3 |  13.0
        D:5 |     504 |     843 |  62.6 |      15 |       3 |  16.7
        D:6 |     293 |       0 |   0.0 |       5 |       0 |   0.0
        D:7 |     511 |       0 |   0.0 |       4 |       0 |   0.0
            +---------+---------+-------+---------+---------+-------
